 Dungeon Crawl Stone Soup version 0.31.0-9-g3a7656b989 (webtiles) character file.

Game seed: 1723608595365960132

23 qw the Shooter (level 2, 0/16 HPs)
             Began as a Deep Elf Hunter on Feb 2, 2024.
             Succumbed to their own poison gas
             ... on level 1 of the Dungeon.
             The game lasted 00:00:02 (415 turns).

qw the Shooter (Deep Elf Hunter)                     Turns: 415, Time: 00:00:02

Health: 0/16       AC:  4    Str:  8    XL:     2   Next: 75%
Magic:  4/4        EV: 12    Int: 13    God:
Gold:   41         SH:  0    Dex: 18    Spells: 1/1 levels left

rFire   . . .        a - +0 shortbow
rCold   . . .        (shield currently unavailable)
rNeg    . . .        c - +0 leather armour
rPois   .            (no helmet)
rElec   .            (no cloak)
rCorr   .            e - +0 pair of gloves "Taumalud" {Slay+3}
SInv    .            (no boots)
Will    .....        (no amulet)
Stlth   ++           (no ring)
HPRegen 0.22/turn    (no ring)
MPRegen 0.09/turn

%: no passive effects
@: lethally poisoned (0 -> -7)
A: no striking features
a: no special abilities


You were on level 1 of the Dungeon.
You visited 1 branch of the dungeon, and saw 1 of its levels.

You collected 41 gold pieces.


   Skills:
 - Level 1.5 Fighting
 + Level 6.5 Ranged Weapons
 - Level 2.4 Dodging
 - Level 1.2 Stealth


You had one spell level left.
You didn't know any spells.
Your spell library was empty.

Inventory:

Hand Weapons
 a - a +0 shortbow (weapon)
Armour
 c - a +0 leather armour (worn)
 e - the +0 pair of gloves "Taumalud" (worn) {Slay+3}
   (You acquired it on level 1 of the Dungeon)

   Slay+3:    It affects your accuracy & damage with ranged weapons and melee
   (+3).
Potions
 d - a potion of enlightenment

Dungeon Overview and Level Annotations

Branches:
Dungeon (1/15)

Altars:

Shops:
D:1 =


Message History

403 ||| READING scroll labelled HUM HESUMA.
As you read the scroll labelled HUM HESUMA, it crumbles to dust.
You feel strangely unstable.
It was a scroll of teleportation.
You start waiting.
Your surroundings suddenly seem different.
Done exploring.
407 ||| READING scroll labelled MEFUFA XAWAATS.
The air fills with toxic fumes!
As you read the scroll labelled MEFUFA XAWAATS, it crumbles to dust.
It was a scroll of poison.
Done exploring.
408 ||| DROPPING scroll of butterflies.
You drop a scroll of butterflies.
Done exploring.
What level of the Dungeon? (default 1, ? - help) Sorry, I don't know how to get there.
Enter note:
Enter note:
Enter note:
Enter note:
Enter note:
Enter note:
Enter note:
Enter note:
Enter note: You are engulfed in poison gas.
You are poisoned.
You feel very sick.
410 ||| Stepping ~*~*~tactically~*~*~ (cloud).
You feel sick.
You see here a scroll of butterflies.
411 ||| DRINKING potion of curing.
You feel better.
411 ||| (to cure poison)
You are engulfed in poison gas.
You are poisoned.
You feel very sick.
413 ||| Stepping ~*~*~tactically~*~*~ (cloud).
You feel sick.
You see here a scroll of butterflies.
There is a lethal amount of poison in your body!
You feel sick.
There is a lethal amount of poison in your body!
You die...

#..........# #.%........#
########### ##¤¤........#
.........¤#######000........#
.........0¤0¤¤¤0¤¤¤........##
.........¤¤¤0¤0¤¤¤##......###
.........¤¤¤000¤¤0##........#
.........0¤0¤¤¤¤¤0##........#
.........0¤¤¤¤00@0##........#
...###...#¤¤¤¤0¤¤¤¤00¤0.....#
##....##.¤¤¤¤¤¤¤¤0¤#¤0¤.....#
#####.###0¤¤¤00000##........#
#.>....#0¤¤0¤0¤¤########.##
#...##.0¤¤¤¤¤0### #.#
###......00¤¤0¤¤##########.#
..#....###0¤¤00¤#........#.##
..#....##..###..#........#..#


There were no monsters in sight!

Vanquished Creatures
  2 ball pythons (D:1)
  An endoplasm (D:1)
  2 goblins (D:1)
  A hobgoblin (D:1)
  7 jackals (D:1)
  2 quokkas (D:1)
  A bat (D:1)
  A frilled lizard (D:1)
  A kobold (D:1)
  2 rats (D:1)
20 creatures vanquished.

Notes
Turn   | Place    | Note
-------+----------+-------------------------------------------
     0 | D:1      | qw the Deep Elf Hunter began the quest for the Orb.
     0 | D:1      | Reached XP level 1. HP: 12/12 MP: 3/3
     0 | D:1      | 0 ||| qw: Version: 0.3-a-155-g5e7d8dd
     0 | D:1      | 0 ||| qw: Game counter: 2005
     0 | D:1      | 0 ||| qw: Melee chars always use a shield: true
     0 | D:1      | 0 ||| qw: God list: Okawaru
     0 | D:1      | 0 ||| qw: Allow faded altars: false
     0 | D:1      | 0 ||| qw: Do Orc after clearing Dungeon:15 true
     0 | D:1      | 0 ||| qw: Do second Lair branch before Depths: true
     0 | D:1      | 0 ||| qw: Lair rune preference: random
     0 | D:1      | 0 ||| qw: Goals: Normal
     0 | D:1      | 0 ||| PLANNING D:1-11
   166 | D:1      | Reached XP level 2. HP: 16/16 MP: 4/4
   167 | D:1      | Reached skill level 6 in Ranged Weapons
   189 | D:1      | Found Guubyra's Jewellery Shoppe.
   201 | D:1      | 201 ||| SHOPLISTING +4 ring of protection (360 gold, have
                  | 27).
   201 | D:1      | 201 ||| SHOPLISTING amulet of faith (400 gold, have 27).
   201 | D:1      | 201 ||| SHOPLISTING amulet of the acrobat (300 gold, have
                  | 27).
   201 | D:1      | 201 ||| SHOPLISTING ring of positive energy (200 gold, have
                  | 27).
   201 | D:1      | 201 ||| SHOPLISTING ring of protection from fire (250 gold,
                  | have 27).
   201 | D:1      | 201 ||| SHOPLISTING ring of see invisible (150 gold, have
                  | 27).
   201 | D:1      | 201 ||| SHOPLISTING ring of willpower (250 gold, have 27).
   249 | D:1      | 249 ||| RETREEEEATING.
   392 | D:1      | 392 ||| DROPPING amulet of magic regeneration.
   393 | D:1      | 393 ||| READING scroll labelled LYGGOF UPUITYR.
   394 | D:1      | 394 ||| READING 2 scrolls labelled QIYCOXE REOTH.
   394 | D:1      | 394 ||| IDENTIFYING yellow potion
   395 | D:1      | 395 ||| READING scroll of identify.
   395 | D:1      | 395 ||| IDENTIFYING murky cyan potion
   396 | D:1      | 396 ||| READING scroll labelled QEULUN KIZE.
   396 | D:1      | Identified a scroll of acquirement
   396 | D:1      | 396 ||| ACQUIRING +0 pair of gloves "Taumalud" {Slay+3}
   396 | D:1      | Acquired the +0 pair of gloves "Taumalud" {Slay+3}
   398 | D:1      | 398 ||| UPGRADING to +0 pair of gloves "Taumalud" {Slay+3}.
   403 | D:1      | 403 ||| READING scroll labelled HUM HESUMA.
   407 | D:1      | 407 ||| READING scroll labelled MEFUFA XAWAATS.
   408 | D:1      | 408 ||| DROPPING scroll of butterflies.
   410 | D:1      | 410 ||| Stepping ~*~*~tactically~*~*~ (cloud).
   411 | D:1      | 411 ||| DRINKING potion of curing.
   411 | D:1      | 411 ||| (to cure poison)
   413 | D:1      | 413 ||| Stepping ~*~*~tactically~*~*~ (cloud).
   413 | D:1      | HP: 3/16 [poisoned by you (poison gas)]
   414 | D:1      | HP: 1/16 [poisoned by you (poison gas)]
   415 | D:1      | Succumbed to their own poison gas

Levels and vault maps discovered:
D:1:      scummos_arrival_hexagon, layout_rooms, serial_shops, shop

Skill      XL: |  1  2 |
---------------+-------+-----
Ranged Weapons | 6 |  6.5
Fighting       | |  1.5
Dodging        | |  2.4
Stealth        | |  1.2

Action                     || total
---------------------------++-------
   Fire: Shortbow          ||    47
    Use: Scroll            ||     6
         Potion            ||     1
 Armour: Leather armour    ||    11
  Dodge: Dodged            ||    20

Table legend:
 A = Non-vault XP
 B = Vault XP
 C = Vault XP percentage of total XP
 D = Non-vault monster count
 E = Vault monster count
 F = Vault count percentage of total count
                 A         B        C        D         E       F
            +---------+---------+-------+---------+---------+-------
      Total |      34 |       0 |   0.0 |      20 |       0 |   0.0
            +---------+---------+-------+---------+---------+-------
        D:1 |      34 |       0 |   0.0 |      20 |       0 |   0.0
            +---------+---------+-------+---------+---------+-------
